SNL (28 & UNDER)
BEAUMONT ROUGHNECKS @ KEY WEST BARRACUDAS
09/14/2027
 
TOP OF THE 1ST
Beaumont Roughnecks batting - Pitching for Key West Barracudas : RHP Lawrence Fish
Pitching: RHP Lawrence Fish
Batting: LHB Tony Rivera 0-0: Ball
1-0: Ball
2-0: SINGLE (Groundball, 56S) (infield hit)
Batting: RHB Jeff Mason 0-0: Ball
1-0: Grounds into double play, 6-4-3 (Groundball, 6)
Batting: LHB Cam Flowers 0-0: Called Strike
0-1: Ball
1-1: Ground out 4-3 (Groundball, 4S)
Top of the 1st over - 0 run(s), 1 hit(s), 0 error(s), 0 left on base; Beaumont 0 - Key West 0
BOTTOM OF THE 1ST
Key West Barracudas batting - Pitching for Beaumont Roughnecks : RHP Jim Durham
Pitching: RHP Jim Durham
Batting: RHB Richard Sanders 0-0: Called Strike
0-1: Ground out 6-3 (Groundball, 6)
Batting: RHB Carlos Bravo 0-0: Swinging Strike
0-1: Swinging Strike
0-2: Foul Ball, location: 2F
0-2: Foul Ball, location: 2F
0-2: Ball
1-2: Strikes out swinging
Batting: SHB Cory Campbell 0-0: Ball
1-0: Called Strike
1-1: Ball
2-1: Swinging Strike
2-2: Ball
3-2: Base on Balls
Batting: RHB Jorge Hernández 0-0: Ball
Cory Campbell is caught stealing 2nd base
Bottom of the 1st over - 0 run(s), 0 hit(s), 0 error(s), 0 left on base; Beaumont 0 - Key West 0
TOP OF THE 2ND
Beaumont Roughnecks batting - Pitching for Key West Barracudas : RHP Lawrence Fish
Batting: RHB Si-xun Li 0-0: Foul Ball, location: 2F
0-1: Foul Ball, location: 2F
0-2: Foul Ball, location: 2F
0-2: Ball
1-2: Ball
2-2: Strikes out swinging
Batting: LHB Bernardo Morales 0-0: Ball
1-0: Ball
2-0: Called Strike
2-1: Ball
3-1: Called Strike
3-2: Foul Ball, location: 2F
3-2: Fly out, F9 (Flyball, 89M)
Batting: LHB Enrique Cruz 0-0: Ball
1-0: Ball
2-0: Foul Ball, location: 2F
2-1: Fly out, F8 (Flyball, 8LM)
Top of the 2nd over - 0 run(s), 0 hit(s), 0 error(s), 0 left on base; Beaumont 0 - Key West 0
BOTTOM OF THE 2ND
Key West Barracudas batting - Pitching for Beaumont Roughnecks : RHP Jim Durham
Batting: RHB Jorge Hernández 0-0: Called Strike
0-1: Ball
1-1: Foul Ball, location: 2F
1-2: Ball
2-2: Foul Ball, location: 2F
2-2: Strikes out swinging
Batting: LHB Daniel Byrd 0-0: SINGLE (Line Drive, 34D)
Batting: LHB Víctor Acevedo 0-0: Ball
1-0: Called Strike
1-1: Ball
2-1: Ball
3-1: Grounds into double play, 1-6-3 (Groundball, 13)
Bottom of the 2nd over - 0 run(s), 1 hit(s), 0 error(s), 0 left on base; Beaumont 0 - Key West 0
TOP OF THE 3RD
Beaumont Roughnecks batting - Pitching for Key West Barracudas : RHP Lawrence Fish
Batting: RHB Albert Alemán 0-0: Fly out, F8 (Flyball, 78D)
Batting: RHB Miguel Costa 0-0: Bunted foul
0-1: Foul Ball, location: 2F
0-2: Foul Ball, location: 2F
0-2: Foul Ball, location: 2F
0-2: Ball
1-2: Strikes out swinging
Batting: LHB Guy Moss 0-0: Foul Ball, location: 2F
0-1: Fly out, F9 (Flyball, 89S)
Top of the 3rd over - 0 run(s), 0 hit(s), 0 error(s), 0 left on base; Beaumont 0 - Key West 0
BOTTOM OF THE 3RD
Key West Barracudas batting - Pitching for Beaumont Roughnecks : RHP Jim Durham
Batting: RHB Carlos Miranda 0-0: Swinging Strike
0-1: Called Strike
0-2: Strikes out swinging
Batting: SHB Héctor Padilla 0-0: Ball
1-0: Foul Ball, location: 2F
1-1: Ball
2-1: Called Strike
2-2: Foul Ball, location: 2F
2-2: Strikes out swinging
Batting: LHB Motoki Hirata 0-0: Swinging Strike
0-1: Ball
1-1: Foul Ball, location: 2F
1-2: Ball
2-2: SOLO HOME RUN (Flyball, 78D), Distance : 417 ft
Batting: RHB Richard Sanders 0-0: Ball
1-0: Called Strike
1-1: Foul Ball, location: 2F
1-2: Strikes out swinging
Bottom of the 3rd over - 1 run(s), 1 hit(s), 0 error(s), 0 left on base; Beaumont 0 - Key West 1
TOP OF THE 4TH
Beaumont Roughnecks batting - Pitching for Key West Barracudas : RHP Lawrence Fish
Batting: LHB Tony Rivera 0-0: Foul Ball, location: 2F
0-1: Ball
1-1: Fly out, F9 (Flyball, 9)
Batting: RHB Jeff Mason 0-0: Called Strike
0-1: Called Strike
0-2: Foul Ball, location: 2F
0-2: Ball
1-2: Strikes out swinging
Batting: LHB Cam Flowers 0-0: Ball
1-0: Ball
2-0: Foul Ball, location: 2F
2-1: Ball
3-1: DOUBLE (Line Drive, 9LS)
Batting: RHB Si-xun Li 0-0: Called Strike
0-1: Called Strike
0-2: Foul Ball, location: 2F
0-2: Foul Ball, location: 2F
0-2: Ball
1-2: Strikes out swinging
Top of the 4th over - 0 run(s), 1 hit(s), 0 error(s), 1 left on base; Beaumont 0 - Key West 1
BOTTOM OF THE 4TH
Key West Barracudas batting - Pitching for Beaumont Roughnecks : RHP Jim Durham
Batting: RHB Carlos Bravo 0-0: Called Strike
0-1: Foul Ball, location: 2F
0-2: Ball
1-2: Ball
2-2: Foul Ball, location: 2F
2-2: Foul Ball, location: 2F
2-2: Strikes out swinging
Batting: SHB Cory Campbell 0-0: Ball
1-0: Ball
2-0: Foul Ball, location: 2F
2-1: Ball
3-1: Base on Balls
Batting: RHB Jorge Hernández 0-0: Called Strike
0-1: Ball
1-1: Ball
2-1: Foul Ball, location: 2F
2-2: Fielders Choice at 2nd, 1-4 (Groundball, 15S)
Batting: LHB Daniel Byrd 0-0: Ball
Jorge Hernández steals 2nd base
1-0: Ground out 2-3 (Groundball, 2L)
Bottom of the 4th over - 0 run(s), 0 hit(s), 0 error(s), 1 left on base; Beaumont 0 - Key West 1
TOP OF THE 5TH
Beaumont Roughnecks batting - Pitching for Key West Barracudas : RHP Lawrence Fish
Batting: LHB Bernardo Morales 0-0: Called Strike
0-1: Ball
1-1: Foul Ball, location: 2F
1-2: Fly out, F7 (Flyball, 78M)
Batting: LHB Enrique Cruz 0-0: Swinging Strike
0-1: Ball
1-1: Foul Ball, location: 2F
1-2: Ball
2-2: Ball
3-2: Foul Ball, location: 2F
3-2: Strikes out swinging
Batting: RHB Albert Alemán 0-0: SINGLE (Groundball, 34D)
Batting: RHB Miguel Costa 0-0: Called Strike
0-1: Foul Ball, location: 2F
0-2: Ball
1-2: Reached on error, E6 (Groundball, 6)
Albert Alemán to second
Batting: LHB Guy Moss 0-0: Foul Ball, location: 2F
0-1: Swinging Strike
0-2: Fly out, F7 (Flyball, 78M)
Top of the 5th over - 0 run(s), 1 hit(s), 1 error(s), 2 left on base; Beaumont 0 - Key West 1
BOTTOM OF THE 5TH
Key West Barracudas batting - Pitching for Beaumont Roughnecks : RHP Jim Durham
Batting: LHB Víctor Acevedo 0-0: Called Strike
0-1: Foul Ball, location: 2F
0-2: Ball
1-2: Strikes out looking
Batting: RHB Carlos Miranda 0-0: Called Strike
0-1: Ball
1-1: Called Strike
1-2: Ball
2-2: Ball
3-2: Ground out 1-3 (Groundball, 15S)
Batting: SHB Héctor Padilla 0-0: Swinging Strike
0-1: Called Strike
0-2: Foul Ball, location: 2F
0-2: Ball
1-2: Strikes out swinging
Bottom of the 5th over - 0 run(s), 0 hit(s), 0 error(s), 0 left on base; Beaumont 0 - Key West 1
TOP OF THE 6TH
Beaumont Roughnecks batting - Pitching for Key West Barracudas : RHP Lawrence Fish
Batting: LHB Tony Rivera 0-0: Foul Ball, location: 2F
0-1: Foul Ball, location: 2F
0-2: Strikes out swinging
Batting: RHB Jeff Mason 0-0: Called Strike
0-1: Ball
1-1: Ball
2-1: Foul Ball, location: 2F
2-2: Foul Ball, location: 2F
2-2: Foul Ball, location: 2F
2-2: Ball
3-2: Base on Balls
Batting: LHB Cam Flowers 0-0: Ball
Jeff Mason is caught stealing 2nd base
1-0: Called Strike
1-1: SINGLE (Groundball, 34D)
Batting: RHB Si-xun Li 0-0: Called Strike
0-1: Fielders Choice at 2nd, 5-4 (Groundball, 56)
Top of the 6th over - 0 run(s), 1 hit(s), 0 error(s), 0 left on base; Beaumont 0 - Key West 1
BOTTOM OF THE 6TH
Key West Barracudas batting - Pitching for Beaumont Roughnecks : RHP Jim Durham
Batting: LHB Motoki Hirata 0-0: Ball
1-0: Fly out, F7 (Flyball, 78S)
Batting: RHB Richard Sanders 0-0: Ball
1-0: Ground out 5-3 (Groundball, 5L)
Batting: RHB Carlos Bravo 0-0: Ball
1-0: Foul Ball, location: 2F
1-1: Fly out, F6 (Line Drive, 6)
Bottom of the 6th over - 0 run(s), 0 hit(s), 0 error(s), 0 left on base; Beaumont 0 - Key West 1
TOP OF THE 7TH
Beaumont Roughnecks batting - Pitching for Key West Barracudas : RHP Lawrence Fish
Batting: LHB Bernardo Morales 0-0: Foul Ball, location: 2F
0-1: Ball
1-1: Called Strike
1-2: Ball
2-2: Strikes out swinging
Batting: LHB Enrique Cruz 0-0: Swinging Strike
0-1: Called Strike
0-2: Ball
1-2: Strikes out swinging
Batting: RHB Albert Alemán 0-0: Foul Ball, location: 2F
0-1: Foul Ball, location: 2F
0-2: Foul Ball, location: 2F
0-2: Ball
1-2: Ground out 5-3 (Groundball, 56S)
Top of the 7th over - 0 run(s), 0 hit(s), 0 error(s), 0 left on base; Beaumont 0 - Key West 1
BOTTOM OF THE 7TH
Key West Barracudas batting - Pitching for Beaumont Roughnecks : RHP Jim Durham
Pitching: RHP Jeff Thompson
Batting: SHB Cory Campbell 0-0: Foul Ball, location: 2F
0-1: Swinging Strike
0-2: Strikes out looking
Batting: RHB Jorge Hernández 0-0: Foul Ball, location: 2F
0-1: SOLO HOME RUN (Flyball, 78XD) (Inside the Park)
Pitching: RHP Dave Hammond
Batting: LHB Daniel Byrd 0-0: Ball
1-0: Foul Ball, location: 2F
1-1: Ball
2-1: Ball
3-1: Fly out, F9 (Flyball, 9LSF)
Batting: LHB Víctor Acevedo 0-0: Ball
1-0: Called Strike
1-1: Ball
2-1: Ball
3-1: Foul Ball, location: 2F
3-2: Fly out, F7 (Flyball, 7)
Bottom of the 7th over - 1 run(s), 1 hit(s), 0 error(s), 0 left on base; Beaumont 0 - Key West 2
TOP OF THE 8TH
Beaumont Roughnecks batting - Pitching for Key West Barracudas : RHP Lawrence Fish
Pitching: RHP Ed Calhoun
Batting: RHB Miguel Costa 0-0: Ball
1-0: Ball
2-0: Called Strike
2-1: Ball
3-1: Swinging Strike
3-2: Ground out 6-3 (Groundball, 6)
Batting: LHB Guy Moss 0-0: Ball
1-0: Called Strike
1-1: Foul Ball, location: 2F
1-2: Strikes out swinging
Batting: LHB Tony Rivera 0-0: Called Strike
0-1: Foul Ball, location: 2F
0-2: Ball
1-2: Foul Ball, location: 2F
1-2: SINGLE (Line Drive, 34)
Batting: RHB Jeff Mason 0-0: Ball
1-0: Called Strike
1-1: Ball
2-1: Ball
3-1: Swinging Strike
3-2: Base on Balls
Tony Rivera to second
Batting: LHB Cam Flowers 0-0: Called Strike
0-1: Fielders Choice at 2nd, 6-4 (Groundball, 6)
Top of the 8th over - 0 run(s), 1 hit(s), 0 error(s), 1 left on base; Beaumont 0 - Key West 2
BOTTOM OF THE 8TH
Key West Barracudas batting - Pitching for Beaumont Roughnecks : RHP Dave Hammond
Batting: RHB Carlos Miranda 0-0: Called Strike
0-1: Foul Ball, location: 2F
0-2: Ball
1-2: Ball
2-2: Fly out, F7 (Flyball, 7)
Batting: SHB Héctor Padilla 0-0: Ball
1-0: Called Strike
1-1: Swinging Strike
1-2: Ball
2-2: Ball
3-2: Strikes out looking
Batting: LHB Motoki Hirata 0-0: Called Strike
0-1: Swinging Strike
0-2: Hit by Pitch
Batting: RHB Richard Sanders 0-0: Ball
1-0: Foul Ball, location: 2F
1-1: Swinging Strike
1-2: Ball
2-2: Foul Ball, location: 2F
2-2: Ball
3-2: Base on Balls
Motoki Hirata to second
Batting: RHB Carlos Bravo 0-0: Called Strike
0-1: Ball
1-1: Hit by Pitch
Motoki Hirata to third
Richard Sanders to second
Pitching: LHP Artie Nelson
Pinch Hitting: SHB Jacob Knapp 0-0: Called Strike
0-1: Swinging Strike
0-2: Foul Ball, location: 2F
0-2: Foul Ball, location: 2F
0-2: Ball
1-2: Foul Ball, location: 2F
1-2: Foul Ball, location: 2F
1-2: Foul Ball, location: 2F
1-2: Foul Ball, location: 2F
1-2: Strikes out swinging
Bottom of the 8th over - 0 run(s), 0 hit(s), 0 error(s), 3 left on base; Beaumont 0 - Key West 2
TOP OF THE 9TH
Beaumont Roughnecks batting - Pitching for Key West Barracudas : RHP Ed Calhoun
Pitching: RHP George Bennion
Now at 2B: Luis Manuel López
Batting: RHB Si-xun Li 0-0: Foul Ball, location: 2F
0-1: Ball
1-1: Swinging Strike
1-2: Strikes out looking
Batting: LHB Bernardo Morales 0-0: Called Strike
0-1: Foul Ball, location: 2F
0-2: Foul Ball, location: 2F
0-2: Strikes out looking
Batting: LHB Enrique Cruz 0-0: Ground out 4-3 (Groundball, 34)
Top of the 9th over - 0 run(s), 0 hit(s), 0 error(s), 0 left on base; Beaumont 0 - Key West 2
Thursday, March 30th, 2017 - OOTP Baseball 17.12 Build 75